 Dungeon Crawl Stone Soup version 0.15.1-4-gac8487e (webtiles) character file.

1022 Johnny the Chiller (level 7, 0/57 HPs)
             Began as a Demigod Ice Elementalist on Oct 16, 2014.
             Killed by divine providence
             ... invoked by an orc priest
              (15 damage)
             ... on Level 6 of the Dungeon.
             The game lasted 00:17:49 (5507 turns).

Johnny the Chiller (Demigod Ice Elementalist)       Turns: 5507, Time: 00:17:49

HP   0/57        AC 17     Str 12      XL: 7   Next: 71%
MP  16/19        EV  9     Int 22      God:
Gold 9           SH  0     Dex 17      Spells:  3 memorised,  5 levels left

rFire  + . .     SeeInvis .     y - +1 flail (protect)
rCold  + . .     Clarity  .     m - +1 ring mail {rF+}
rNeg   . . .     rCorr    .     (no shield)
rPois  .         rRot     .     B - +0 hat
rElec  .         Spirit   .     (no cloak)
SustAb .         Warding  .     a - +2 pair of gloves
rMut   .         Stasis   .     (no boots)
Gourm  .                        (no amulet)
MR     .....                    (no ring)
                                (no ring)

@: not resistant to hostile enchantments, unstealthy
A: thin metallic scales 2, cold resistance 1
a: no special abilities


You were on level 6 of the Dungeon.
You were hungry.

You visited 1 branch of the dungeon, and saw 6 of its levels.

You collected 278 gold pieces.
You spent 269 gold pieces at shops.

Inventory:

Hand weapons
 y - a +1 flail of protection (weapon)
Armour
 a - a +2 pair of gloves (worn)
 m - a +1 ring mail of fire resistance (worn)
 B - a +0 hat (worn)
Magical devices
 z - a wand of polymorph (11)
Comestibles
 c - 4 bread rations
 i - 4 rotting chunks of gnoll flesh
 t - a slice of pizza
 u - a beef jerky
Scrolls
 e - 2 scrolls of remove curse
 f - a scroll of immolation
 g - 2 scrolls of random uselessness {unknown}
 j - a scroll of amnesia {unknown}
 k - 2 scrolls of identify
 o - a scroll of recharging {unknown}
 p - a scroll of fear {unknown}
 w - a scroll of holy word {unknown}
Potions
 d - 4 potions of curing
 h - a potion of brilliance {unknown}
 n - 2 potions of might {unknown}
 v - a potion of lignification {unknown}
 x - 3 potions of haste
 C - 2 potions of heal wounds
Books
 b - a book of Frost

   Spells                             Type                      Level
   *Freeze                            Ice                          1
   Throw Frost                        Conjuration/Ice              2
   *Ozocubu's Armour                  Charms/Ice                   3
   Throw Icicle                       Conjuration/Ice              4
   *Summon Ice Beast                  Ice/Summoning                4
   Condensation Shield                Ice                          4


   Skills:
 * Level 3.0 Fighting
 + Level 2.5 Armour
 + Level 3.2 Dodging
 + Level 3.1 Stealth
 * Level 3.6 Spellcasting
   Level 0.8 Conjurations
 * Level 1.3 Charms
 * Level 2.0 Summonings
 * Level 4.6 Ice Magic
 + Level 1.3 Evocations


You had 5 spell levels left.
You knew the following spells:

 Your Spells              Type           Power        Failure   Level  Hunger
a - Freeze                Ice            ###.         2%          1    None
b - Summon Ice Beast      Ice/Summ       ###.....     45%         4    ####...
c - Ozocubu's Armour      Chrm/Ice       ###.....     17%         3    ###....


Dungeon Overview and Level Annotations

Branches:
Dungeon (6/15)
 Temple: D:4-7

Shops:
D:6 ![(

Annotations:
D:3 Grinder
D:4 Dowan, Menkaure


Innate Abilities, Weirdness & Mutations

You are mostly covered in thin metallic scales (AC +3).
Your flesh is cold resistant.


Message History

You close the door.
You feel sick.
You are no longer poisoned.
Something unseen opens the door.
Something unseen opens the door.
There is an open door here.
You close the door.
You open the door.
There is an open door here.
You open the door.
There is an open door here.
You open the door.
There is an open door here.
The orc priest calls down the wrath of Beogh upon you.
Something smites you!
* * * LOW HITPOINT WARNING * * *
There is a stone staircase leading up here.
The orc priest calls down the wrath of Beogh upon you.
Something smites you!
You die...

.+........+...#.....#...Y..
.#........#...'.....#..##...
.#........#...#.....#..##....
.#........#...#.....#...+.s.##
.#........#...#.....+.. #...#
.#........#...#.....# #+###
.#....#'###...#.....#
.+....#...'...#.....+
.#o...'...#o..o.@...#
.#....#..##...#.....#
##....#..##+###.....#
#....#.......#.....#
#....+.......#[....#
#....#..##...+.....#
#....#..##...#.....+
#....'.......#.....#
#....#.......#.....#


You could see an orc priest and an orc.

Vanquished Creatures
  The ghost of Wutend the Pure, an average DsAK of Lugonu (D:4)
  Edmund (D:5)
  2 centaurs (D:3)
  A scorpion (D:4)
  A hound (D:5)
  2 iguanas
  Natasha (thrice) (D:3)
  5 worker ants
  Ijyb (D:4)
  An ogre skeleton (D:6)
  2 adders (D:3)
  3 gnolls (D:6)
  2 shadow imps
  3 worms
  3 giant geckos
  An ooze (D:1)
  5 orcs
  7 bats
  4 giant cockroaches
  9 goblins
  8 hobgoblins
  3 jackals (D:4)
  12 kobolds
  2 quokkas
  4 giant newts
  A goblin skeleton (D:4)
  2 orc skeletons
  A quokka zombie (D:5)
  10 rats
100 creatures vanquished.

Vanquished Creatures (collateral kills)
  A gnoll sergeant (D:6)
  A gnoll shaman (D:6)
  9 gnolls (D:6)
  5 orcs (D:6)
16 creatures vanquished.

Vanquished Creatures (others)
  2 ice beasts (D:6)
2 creatures vanquished.

Grand Total: 118 creatures vanquished

Notes
Turn   | Place    | Note
--------------------------------------------------------------
     0 | D:1      | Johnny, the Demigod Ice Elementalist, began the quest for the Orb.
     0 | D:1      | Reached XP level 1. HP: 14/14 MP: 3/3
   641 | D:1      | Reached XP level 2. HP: 18/20 MP: 1/5
   826 | D:1      | Reached skill level 3 in Ice Magic
  1493 | D:2      | Reached XP level 3. HP: 27/27 MP: 4/8
  2156 | D:2      | Reached skill level 1 in Fighting
  2335 | D:3      | Reached skill level 1 in Armour
  2451 | D:3      | Noticed a centaur
  2454 | D:3      | Gained mutation: Your flesh is cold resistant. [potion of mutation]
  2454 | D:3      | Gained mutation: You are partially covered in thin metallic scales (AC +2). [potion of mutation]
  2454 | D:3      | Gained mutation: You are mostly covered in thin metallic scales (AC +3). [potion of mutation]
  2463 | D:3      | Killed a centaur
  2463 | D:3      | Reached XP level 4. HP: 16/35 MP: 0/11
  2657 | D:3      | Noticed Natasha
  2660 | D:3      | Killed Natasha
  2660 | D:3      | Reached XP level 5. HP: 30/40 MP: 8/12
  2671 | D:3      | Noticed Natasha
  2680 | D:3      | Killed Natasha
  2703 | D:3      | Noticed Natasha
  2708 | D:3      | Killed Natasha
  2758 | D:3      | Noticed a centaur
  2925 | D:3      | Killed a centaur
  2925 | D:3      | Reached skill level 4 in Ice Magic
  2943 | D:3      | Noticed Grinder
  3137 | D:3      | Learned a level 4 spell: Summon Ice Beast
  3256 | D:4      | Noticed Wutend's ghost (average DsAK)
  3264 | D:4      | Killed Wutend's ghost
  3264 | D:4      | Reached XP level 6. HP: 39/49 MP: 5/16
  3342 | D:4      | Noticed Menkaure
  3419 | D:4      | Reached skill level 1 in Summonings
  3630 | D:4      | Found a radiant altar of Vehumet.
  3631 | D:4      | Noticed Ijyb
  3644 | D:4      | Killed Ijyb
  4192 | D:4      | Noticed Dowan
  4266 | D:5      | Entered Level 5 of the Dungeon
  4394 | D:5      | Noticed Edmund
  4406 | D:5      | Killed Edmund
  4406 | D:5      | Reached XP level 7. HP: 47/56 MP: 11/19
  4456 | D:5      | Found a white marble altar of Elyvilon.
  4654 | D:5      | Learned a level 3 spell: Ozocubu's Armour
  4780 | D:5      | Found a deep blue altar of Sif Muna.
  4780 | D:5      | Found a shadowy altar of Dithmenos.
  4781 | D:5      | Found a glowing silver altar of Zin.
  4899 | D:6      | Found Feniohik's Distillery.
  4902 | D:6      | Found Dieprep's Armour Boutique.
  4923 | D:6      | Bought a +0 hat for 48 gold pieces
  4938 | D:6      | Bought 2 potions of heal wounds for 78 gold pieces
  4938 | D:6      | Bought a potion of curing for 26 gold pieces
  4938 | D:6      | Bought a potion of haste for 91 gold pieces
  4938 | D:6      | Bought a potion of curing for 26 gold pieces
  5000 | D:6      | Found Klec Ext's Weapon Shop.
  5011 | D:6      | Reached skill level 1 in Evocations
  5140 | D:6      | Noticed a sixfirhy
  5148 | D:6      | Reached skill level 1 in Charms
  5507 | D:6      | Killed from afar by an orc priest

Action                   |  1- 3 |  4- 6 |  7- 9 || total
-------------------------+-------+-------+-------++-------
Melee: Dagger            |    19 |       |       ||    19
       Unarmed           |     1 |       |       ||     1
       Short sword       |    70 |       |       ||    70
       Falchion          |       |    24 |       ||    24
       Flail             |       |       |    47 ||    47
 Cast: Freeze            |    52 |    91 |    52 ||   195
       Summon Ice Beast  |       |       |     6 ||     6
Evoke: Wand              |       |       |     4 ||     4
  Use: Potion            |     2 |       |       ||     2
       Scroll            |       |     7 |     2 ||     9
 Stab: Distracted        |     1 |       |       ||     1
       Sleeping          |     1 |       |       ||     1
  Eat: Chunk             |     4 |     4 |     5 ||    13
       Royal jelly       |       |     1 |       ||     1
